 Dungeon Crawl Stone Soup version 0.30-a0-782-ge64f9170bb (webtiles) character file.

Game seed: 16395370478642336234

49 mopl the Covered (level 3, -6/24 HPs)
             Began as a Gargoyle Fighter on Mar 12, 2023.
             Mangled by a gnoll
             ... wielding a +0 halberd
              (11 damage)
             ... on level 2 of the Dungeon.
             The game lasted 00:00:52 (829 turns).

mopl the Covered (Gargoyle Fighter)                  Turns: 829, Time: 00:00:53

Health: -6/24      AC: 10    Str: 19    XL:     3   Next: 75%
Magic:  3/3        EV:  9    Int:  8    God:
Gold:   62         SH:  5    Dex: 17    Spells: 2/2 levels left

rFire   . . .      SeeInvis .    a - +0 flail
rCold   . . .      Faith    .    c - +0 buckler
rNeg    + . .      Spirit   .    b - +0 scale mail
rPois   ∞          Reflect  .    (no helmet)
rElec   +          Harm     .    (no cloak)
rCorr   .          Rampage  .    (no gloves)
Will    .....                    (no boots) Stlth
                                 (no amulet)
HPRegen 0.24/turn                g - +6 ring of dexterity
MPRegen 0.08/turn                (no ring)

@: no status effects
A: sickness immunity, AC +3, negative energy resistance 1, electricity
resistance, torment resistance 1, petrification resistance
a: no special abilities


You were on level 2 of the Dungeon.
You visited 1 branch of the dungeon, and saw 2 of its levels.

You collected 62 gold pieces.

Inventory:

Hand Weapons
 a - a +0 flail (weapon)
Armour
 b - a +0 scale mail (worn)
 c - a +0 buckler (worn)
Magical Staves
 i - a staff of cold
Jewellery
 g - a +6 ring of dexterity (left hand)
Scrolls
 e - a scroll of enchant weapon {unknown}
 f - a scroll of teleportation {unknown}
 k - a scroll of fog {unknown}
Potions
 d - a potion of might
 h - a potion of berserk rage {unknown}
 j - a potion of curing {unknown}
 l - 2 potions of attraction {unknown}


   Skills:
 + Level 3.6 Fighting
 * Level 2.9 Maces & Flails
 + Level 3.7 Armour
 + Level 0.9 Dodging
 - Level 3.2 Shields


You had 2 spell levels left.
You didn't know any spells.
Your spell library was empty.

Dungeon Overview and Level Annotations

Branches:
Dungeon (2/15)

Altars:


Innate Abilities, Weirdness & Mutations

You are immune to sickness and miasma.
Your stone body is resilient. (AC +3)
You are immune to poison.
You resist negative energy. (rN+)
You are resistant to electric shocks. (rElec)
You are resistant to unholy torment.
You are immune to petrification.


Message History

You are frozen.
There are monsters nearby!
You hit the endoplasm but do no damage.
The endoplasm is almost dead.
You block the endoplasm's attack.
You barely miss the endoplasm.
The endoplasm is almost dead.
The endoplasm hits you but does no damage.
The endoplasm closely misses you.
You sock the endoplasm!
You kill the endoplasm!
A kobold comes into view. It is wielding a +0 dagger.
A gnoll comes into view. It is wielding a +0 halberd.
The gnoll shouts!
The kobold shouts!
You thump the gnoll!
The gnoll is severely wounded.
You block the gnoll's attack.
You hit the gnoll.
The gnoll is almost dead.
The gnoll hits you but does no damage. The gnoll barely misses you.
You barely miss the gnoll.
The gnoll is almost dead.
You completely miss the gnoll.
The gnoll is almost dead.
You block the gnoll's attack.
You hit the gnoll.
You kill the gnoll!
The gnoll closely misses you. The gnoll hits you with a +0 halberd!
You thump the gnoll!
The gnoll is severely wounded.
The gnoll hits you with a +0 halberd! The gnoll hits you but does no damage.
You barely miss the gnoll.
The gnoll is severely wounded.
The gnoll hits you with a +0 halberd.
* * * LOW HITPOINT WARNING * * *
You barely miss the gnoll.
The gnoll is severely wounded.
The gnoll hits you with a +0 halberd!
You die...

#.... #...# ### # #...#
..##.# #... ...#.# #.K.
....... #..# .....#
#.####..# ...##.#...##.#
#......)####..##........
####.#..Kg@.............
#..##.##.##.......
#..##.##.###....#
#.........##....#
#..##.##...#.#.#######
#..##.##......#.......
#.=........###.#######
#.###.###### #.#
#.............>#


You could see a gnoll and a kobold.

Vanquished Creatures
  2 gnolls (D:2)
  2 ball pythons (D:1)
  3 bats (D:1)
  4 endoplasms
  A giant cockroach (D:2)
  2 goblins
  2 hobgoblins
  2 jackals (D:1)
  2 quokkas
  3 frilled lizards
  3 rats (D:1)
26 creatures vanquished.

Notes
Turn   | Place    | Note
-------+----------+-------------------------------------------
     0 | D:1      | mopl the Gargoyle Fighter began the quest for the Orb.
     0 | D:1      | Reached XP level 1. HP: 14/14 MP: 1/1
    98 | D:1      | Reached XP level 2. HP: 10/19 MP: 2/2
   796 | D:2      | Reached XP level 3. HP: 23/23 MP: 3/3
   829 | D:2      | Mangled by a gnoll

Illustrated notes

Levels and vault maps discovered:
D:1:      erik_arrival_orb_chamber, layout_basic, skrybe_limestone_x,
          serial_bayou_pond_b, chequers_serial_rivers_micro_a,
          grunt_decor_mini_mirrors, bh_walls_and_bars
D:2:      layout_loops_ring, serial_bayou_pond_e

Action                     || total
---------------------------++-------
  Melee: Flail             ||    77
 Armour: Scale mail        ||    42
  Dodge: Dodged            ||    40
  Block: Buckler           ||    14

Table legend: (Time is in decaauts)
 A = Elapsed time spent in this place.
 B = Non-inter-level travel time spent in this place.
 C = Inter-level travel time spent in this place.
 D = Time resting spent in this place.
 E = Time spent auto-exploring this place.
 F = Levels seen in this place.
 G = Mean time per level.
                   A        B        C        D        E       F      G
               +--------+--------+--------+--------+--------+-----+--------+
         Total |    855 |    850 |      5 |     68 |    601 |   2 |  427.5 |
       Dungeon |    855 |    850 |      5 |     68 |    601 |   2 |  427.5 |
               +--------+--------+--------+--------+--------+-----+--------+

Top non-repeatable levels by time:
     D:1: 738 daAuts
     D:2: 117 daAuts
